 Dungeon Crawl Stone Soup version 0.28.0-43-g3370ac3207 (webtiles) character file.

Game seed: 738629192305847439

1433 issech the Cudgeller (level 8, -11/71 HPs)
             Began as a Troll Monk on Mar 15, 2022.
             Was a Believer of Hepliaklqana.
             Mangled by an orc warrior
             ... wielding a +0 hand axe
              (18 damage)
             ... on level 9 of the Dungeon.
             The game lasted 00:20:12 (4572 turns).

issech the Cudgeller (Troll Monk)                   Turns: 4572, Time: 00:20:12

Health: -11/71     AC:  5    Str: 20    XL:     8   Next: 45%
Magic:  6/7        EV: 10    Int: 10    God:    Hepliaklqana [**....]
Gold:   303        SH:  8    Dex: 14    Spells: 7/7 levels left

rFire   . . .      SeeInvis .   B - +5 mace of Irrepressible Laughter {flame, *Slow rC++ rCorr Int+4}
rCold   + + .      Faith    .   t - +0 kite shield
rNeg    + . .      Spirit   .   b - +0 robe
rPois   .          Reflect  .   (helmet restricted)
rElec   .          Harm     .   s - +0 cloak
rCorr   +          Rampage  .   (gloves unavailable)
Will    .....                   (boots unavailable)
Stlth   ++........              (no amulet)
HPRegen 1.01/turn               D - ring of positive energy
MPRegen 0.10/turn               (no ring)

@: about to teleport
A: reduced essence, large, unfitting armour, claws 3, regeneration 1, shaggy fur
1, tough skin 1
a: Renounce Religion, Recall Ancestor, Ancestor Identity


You were on level 9 of the Dungeon.
You worshipped Hepliaklqana.
Hepliaklqana was pleased with you.
You visited 2 branches of the dungeon, and saw 8 of its levels.

You collected 366 gold pieces.
You spent 63 gold pieces at shops.

Inventory:

Hand Weapons
 a - a +0 mace
 i - a +1 flail
 p - a +5 dagger
 w - a +0 hunting sling
 y - a +3 hunting sling
 B - the +5 mace of Irrepressible Laughter (weapon) {flame, *Slow rC++ rCorr Int+4}
   (You found it on level 4 of the Dungeon)

   It burns those it strikes, dealing additional fire damage.
   Int:       It affects your intelligence (+4).
   rC:        It greatly protects you from cold.
   rCorr:     It protects you from acid and corrosion.
   *Slow:     It may slow you when you take damage.
 F - a +2 antimagic rapier
 G - a +1 dagger of draining
 H - a +0 giant spiked club
Missiles
 c - 475 stones (quivered)
 e - 2 throwing nets
 j - 62 sling bullets
 l - 3 poisoned darts
 o - 17 arrows
Armour
 b - a +0 robe (worn)
 s - a +0 cloak (worn)
 t - a +0 kite shield (worn)
Jewellery
 D - a ring of positive energy (left claw)
Wands
 q - a wand of polymorph (5)
Scrolls
 d - 2 scrolls of immolation
 g - a scroll of enchant weapon
 h - 4 scrolls of silence
 k - a scroll of vulnerability
 m - a scroll of fog
Potions
 f - 4 potions of curing {unknown}
 n - a potion of haste {unknown}
 u - a potion of attraction {unknown}
 v - a potion of mutation {unknown}
 x - a potion of flight {unknown}
 A - a potion of degeneration {unknown}
 C - a potion of brilliance {unknown}
 E - a potion of lignification {unknown}


   Skills:
 + Level 4.3 Fighting
 + Level 6.7 Maces & Flails
 + Level 4.4 Dodging
 + Level 2.1 Stealth
 + Level 3.0 Shields


You had 7 spell levels left.
You didn't know any spells.
Your spell library contained the following spells:

 Spells                   Type           Power      Damage    Failure   Level
 Ozocubu's Armour         Ice            0%         N/A       95%         3
 Ozocubu's Refrigeration  Ice            0%         4d5       100%        7


Dungeon Overview and Level Annotations

Branches:
Dungeon (6/15)             Temple (1/1) D:5

Altars:
Ashenzari
Cheibriados
Dithmenos
Elyvilon
Fedhas
Gozag
Hepliaklqana
Kikubaaqudgha
Makhleb
Nemelex Xobeh
Okawaru
Qazlal
Ru
Sif Muna
Trog
Uskayaw
Vehumet
Wu Jian
Xom
Yredelemnul
Zin
The Shining One

Shops:
D:2 *   D:3 ((*


Innate Abilities, Weirdness & Mutations

Your life essence is reduced to manifest your ancestor. (-10% HP)
You are too large for most types of armour.
You have claws for hands.
Your natural rate of healing is unusually fast.
You are covered in fur. (AC +1)
You have tough skin. (AC +1)


Message History

The orc warrior closely misses Centenhua.
You block the hornet zombie's attack.
Centenhua misses the orc warrior.
The orc hits you with a +0 mace.
The orc warrior hits you with a +0 hand axe.
The orc warrior hits Centenhua with a +0 hand axe!
You sock the hornet zombie! You burn the hornet zombie.
The hornet zombie is moderately damaged.
You block the hornet zombie's attack.
Centenhua hits the orc warrior with a +0 quarterstaff.
The orc barely misses you.
The orc warrior hits you with a +0 hand axe.
The orc warrior hits Centenhua with a +0 hand axe!
The hornet zombie hits you!
You hit the hornet zombie. You burn the hornet zombie.
The hornet zombie is moderately damaged.
The orc closely misses you.
Centenhua casts a spell at the orc warrior.
The puff of frost hits the orc warrior!
The hornet zombie hits you but does no damage.
The orc warrior hits Centenhua with a +0 hand axe!
Centenhua is destroyed!
The orc warrior misses you.
The orc warrior shouts!
You hit the hornet zombie. You burn the hornet zombie.
The hornet zombie is heavily damaged.
The hornet zombie hits you! The orc closely misses you.
You block the orc warrior's attack. The hornet zombie hits you!
* * * LOW HITPOINT WARNING * * *
You closely miss the hornet zombie.
The hornet zombie is heavily damaged.
You block the orc's attack. You block the orc warrior's attack.
The hornet zombie hits you!
* * * LOW HITPOINT WARNING * * *
The orc hits you with a +0 mace.
* * * LOW HITPOINT WARNING * * *
As you read the scroll of teleportation, it crumbles to dust.
You feel strangely unstable. The hornet zombie hits you.
* * * LOW HITPOINT WARNING * * *
The orc warrior hits you with a +0 hand axe!!
You die...

#........#
###+##........#
..............#
...............
...............
...............
......ooZ......
.......@.......
......(....?..!
...............
########+##.#++
#


You could see an orc warrior, an orc and a hornet zombie.

Vanquished Creatures
  Duvessa (D:5)
  A sky beast (D:5)
  A necrophage (D:3)
  An ogre (D:5)
  A phantom (D:5)
  A scorpion (D:5)
  Dowan (D:5)
  A howler monkey (D:4)
  3 hounds
  An orc priest (D:9)
  A bullfrog skeleton (D:5)
  3 iguanas
  A hound zombie (D:5)
  13 gnolls
  6 adders
  A dart slug (D:1)
  9 orcs
  5 endoplasms
  4 giant cockroaches
  16 hobgoblins
  2 jackals (D:3)
  2 quokkas
  7 ball pythons
  6 bats
  3 frilled lizards
  38 goblins
  12 kobolds
  7 rats
148 creatures vanquished.

Vanquished Creatures (collateral kills)
  A water moccasin (D:5)
  2 phantoms (D:5)
  An orc wizard (D:9)
  A gnoll (D:5)
  An ufetubus (D:5)
6 creatures vanquished.

Vanquished Creatures (others)
  2 battlemagi
  A hobgoblin (D:4)
3 creatures vanquished.

Grand Total: 157 creatures vanquished

Notes
Turn   | Place    | Note
-------+----------+-------------------------------------------
     0 | D:1      | issech the Troll Monk began the quest for the Orb.
     0 | D:1      | Reached XP level 1. HP: 22/22 MP: 0/0
   116 | D:1      | Reached XP level 2. HP: 29/29 MP: 1/1
   168 | D:1      | Reached skill level 3 in Maces & Flails
   437 | D:1      | Found a faded altar of an unknown god.
   472 | D:1      | Reached XP level 3. HP: 35/36 MP: 2/2
  1026 | D:2      | Found Ecsuoh's General Store.
  1154 | D:2      | Reached XP level 4. HP: 44/44 MP: 3/3
  1472 | D:3      | Found Poseher's General Store.
  1483 | D:3      | Bought a +0 cloak for 63 gold pieces
  1766 | D:3      | Found Lask's Antique Weapon Shoppe.
  1771 | D:3      | Reached skill level 4 in Maces & Flails
  1842 | D:3      | Found Qag Rote's Weapon Shoppe.
  2016 | D:3      | Reached XP level 5. HP: 53/53 MP: 4/4
  2043 | D:4      | Noticed a necrophage
  2065 | D:3      | Killed a necrophage
  2272 | D:4      | Reached XP level 6. HP: 49/61 MP: 5/5
  2522 | D:4      | Reached skill level 1 in Shields
  2671 | D:4      | Reached skill level 5 in Maces & Flails
  3235 | D:4      | Identified the +5 mace of Irrepressible Laughter {flame,
                  | *Slow rC++ rCorr Int+4}
  3374 | D:5      | Entered Level 5 of the Dungeon
  3389 | D:5      | Reached XP level 7. HP: 63/67 MP: 6/6
  3391 | D:5      | Found a staircase to the Ecumenical Temple.
  3401 | Temple   | Entered the Ecumenical Temple
  3477 | Temple   | Became a worshipper of Hepliaklqana the Forgotten
  3477 | Temple   | Reached * piety under Hepliaklqana
  3477 | Temple   | Reached ** piety under Hepliaklqana
  3478 | Temple   | Remembered your ancestor Centenhua as a battlemage
  3971 | D:5      | Reached skill level 6 in Maces & Flails
  3989 | D:5      | Noticed Duvessa
  4003 | D:5      | Reached XP level 8. HP: 70/70 MP: 7/7
  4054 | D:5      | Found an ornate altar of the Wu Jian Council.
  4054 | D:5      | Noticed Dowan
  4068 | D:5      | Killed Dowan
  4072 | D:5      | Killed Duvessa
  4560 | D:6      | You fall into a shaft and drop 3 floors!
  4572 | D:9      | Mangled by an orc warrior

Illustrated notes

Levels and vault maps discovered:
D:1:      dpeg_arrival_rooms_with_view, layout_basic,
          ebering_ecumenical_altar_abandoned
D:2:      layout_loops_ring, serial_shops, nicolae_lakefront_shop
D:3:      layout_loops_ring, serial_shops, nicolae_shop_trees,
          nicolae_shop_bloodbath_and_beyond, nicolae_shop_hallway_plus
D:4:      minmay_goblin_kobold_castle, layout_gridville
D:5:      layout_loops_cross, nzn_wu_jian_contemplation,
          minmay_temple_entry_overgrown, uniq_duvessa
D:6:      layout_rooms
D:9:      layout_irregular_city, orc_0_dummy
Temple:   mainiacjoe_temple_circle_huts

Skill      XL: |  1  2  3  4  5  6  7  8 |
---------------+-------------------------+-----
Maces & Flails | 3 4 5 6 |  6.7
Fighting       | 3 4 |  4.3
Dodging        | 3 4 |  4.4
Shields        | 1 2 3 |  3.0
Stealth        | 2 |  2.1

Action                   |  1- 3 |  4- 6 |  7- 9 || total
-------------------------+-------+-------+-------++-------
Melee: Mace              |    42 |     4 |    74 ||   120
       Flail             |    81 |   287 |       ||   368
       Punch             |     2 |       |       ||     2
Throw: Stone             |       |     8 |       ||     8
Invok: Ancestor Life: Ba |       |       |     1 ||     1
       Recall Ancestor   |       |       |     1 ||     1
  Use: Scroll            |       |     5 |     4 ||     9
 Stab: Sleeping          |     1 |     7 |     2 ||    10
Armor: Robe              |    52 |    98 |    16 ||   166
Dodge: Dodged            |    65 |   152 |    23 ||   240
Block: Kite shield       |       |   123 |    28 ||   151
